 Dungeon Crawl Stone Soup version 0.23.2-1-ga50397a (webtiles) character file.

Game seed: 14711517758042461617

893 Fang the Skirmisher (level 8, -4/76 HPs)
             Began as a Gargoyle Berserker on Apr 15, 2019.
             Was a Priest of Trog.
             Slain by an ogre
             ... wielding a +0 giant spiked club
              (11 damage)
             ... on level 5 of the Dungeon.
             The game lasted 00:03:07 (4061 turns).

Fang the Skirmisher (Gargoyle Berserker)            Turns: 4061, Time: 00:03:08

Health: -4/76      AC: 15    Str: 28    XL:     8   Next: 6%
Magic:  8/8        EV:  5    Int:  8    God:    Trog [***...]
Gold:   158        SH:  0    Dex:  9    Spells: 7/7 levels left

rFire    . . .     SeeInvis .   a - +0 war axe (elec)
rCold    . . .     Gourm    .   (no shield)
rNeg     + . .     Faith    .   b - +0 chain mail
rPois    ∞         Spirit   .   (no helmet)
rElec    +         Reflect  .   (no cloak)
rCorr    .         Harm     .   (no gloves)
MR       .....                  (no boots)
Stlth    ..........             (no amulet)
HPRegen  0.22/turn              (no ring)
MPRegen  0.11/turn              (no ring)

@: berserking (expiring), held, very quick
A: negative energy resistance 1, electricity resistance, unbreathing,
petrification resistance, rot immunity, AC +5
a: Berserk, Trog's Hand, Renounce Religion


You were on level 5 of the Dungeon.
You worshipped Trog.
Trog was most pleased with you.
You were near starving.

You visited 2 branches of the dungeon, and saw 6 of its levels.

You collected 158 gold pieces.

Inventory:

Hand Weapons
 a - a +0 war axe of electrocution (weapon)
Armour
 b - a +0 chain mail (worn)
Jewellery
 w - an uncursed ring of stealth {unknown}
Wands
 v - a wand of random effects (22)
Scrolls
 e - 4 scrolls of teleportation {unknown}
 f - a scroll of immolation {unknown}
 h - 8 scrolls of identify {unknown}
 i - 4 scrolls of remove curse {unknown}
 l - 2 scrolls of enchant armour {unknown}
 m - 2 scrolls of amnesia {unknown}
 q - a scroll of fog {unknown}
 r - a scroll of enchant weapon {unknown}
Potions
 d - a potion of brilliance {unknown}
 g - a potion of magic {unknown}
 j - 2 potions of might {unknown}
 k - 5 potions of agility {unknown}
 n - a potion of lignification {unknown}
 o - a potion of cancellation {unknown}
 p - 2 potions of berserk rage {unknown}
 t - 2 potions of curing {unknown}
 u - a potion of mutation {unknown}
 x - 2 potions of flight {unknown}
 z - a potion of degeneration {unknown}
Comestibles
 c - 11 rations


   Skills:
 + Level 5.8 Fighting
 + Level 4.8 Axes
 + Level 5.2 Armour
 + Level 3.9 Dodging


You had 7 spell levels left.
You didn't know any spells.
Your spell library was empty.

Dungeon Overview and Level Annotations

Branches:
Dungeon (5/15)             Temple (1/1) D:4

Altars:
Ashenzari
Fedhas
Kikubaaqudgha
Qazlal
Trog
Vehumet
Wu Jian
Xom
Yredelemnul
Zin

Annotations:
D:5 Blork the orc


Innate Abilities, Weirdness & Mutations

You are resistant to torment.
Your stone body is resilient. (AC +5)
You are immune to poison.
You resist negative energy. (rN+)
You are resistant to electric shocks. (rElec)
You can survive without breathing.
You are immune to petrification.
You are immune to rotting.


Message History

A red film seems to cover your vision as you go berserk!
You feel yourself moving faster!
You feel mighty!
You are near starving!
The gnoll sergeant barely misses you.
A gnoll comes into view. It is wielding a +0 halberd.
You feel a strong urge to attack something.
A gnoll comes into view. It is wielding a +2 flail of venom.
The gnoll shouts! x2; You hear a shout!
The ogre hits you with a +0 giant spiked club!
* * * LOW HITPOINT WARNING * * *
A gnoll comes into view. It is wielding a +0 halberd.
You hear a bark!
You barely miss the ogre. The gnoll sergeant blocks your attack.
The gnoll sergeant hits you with a +0 spear.
* * * LOW HITPOINT WARNING * * *
The gnoll throws a throwing net.
The throwing net hits you.
You become entangled in the net!
You struggle against the net.
The ogre hits you with a +0 giant spiked club!
You die...

........## .
.......... ###
#...>...... [..
..........# ...
.......... ..#
..... ...###..#
......##O#...#
......o.@g.#
......).#.##
.........[.###.#
...........gg..#
.................#
.#####..>...g..#.#
#.........#
#######....>
...###


You could see Blork the orc, an ogre, a gnoll sergeant and 3 gnolls.

Vanquished Creatures
  A sky beast (D:5)
  A centaur (D:5)
  A scorpion (D:4)
  2 howler monkeys
  7 orc priests (D:4)
  Crazy Yiuf (D:2)
  A jelly (D:2)
  3 orc wizards
  Jessica (D:2)
  Ijyb (D:3)
  A worker ant (D:4)
  A howler monkey zombie (D:5)
  6 adders
  4 oozes
  An adder zombie (D:4)
  An adder skeleton (D:4)
  3 dart slugs
  4 leopard geckos
  8 orcs
  2 ball pythons
  9 goblins
  5 hobgoblins
  2 jackals (D:3)
  4 quokkas (D:2)
  2 bats
  3 frilled lizards
  5 giant cockroaches
  10 kobolds
  2 leopard gecko skeletons
  6 rats
98 creatures vanquished.

Notes
Turn   | Place    | Note
-------+----------+-------------------------------------------
     0 | D:1      | Fang the Gargoyle Berserker began the quest for the Orb.
     0 | D:1      | Reached XP level 1. HP: 14/14 MP: 1/1
    69 | D:1      | Reached XP level 2. HP: 17/19 MP: 2/2
   382 | D:1      | Reached XP level 3. HP: 22/24 MP: 3/3
   478 | D:1      | Reached ** piety under Trog
   661 | D:2      | Reached XP level 4. HP: 10/29 MP: 4/4
  1109 | D:2      | Found a runed translucent door.
  1110 | D:2      | Noticed Crazy Yiuf
  1371 | D:2      | Noticed Jessica
  1377 | D:2      | Killed Jessica
  1416 | D:2      | Reached XP level 5. HP: 33/33 MP: 5/5
  1744 | D:2      | Killed Crazy Yiuf
  1872 | D:3      | Found a bloodstained altar of Trog.
  1972 | D:3      | Noticed Ijyb
  2004 | D:3      | Killed Ijyb
  2027 | D:3      | Found a glowing silver altar of Zin.
  2028 | D:3      | Found a radiant altar of Vehumet.
  2028 | D:3      | Found a shattered altar of Ashenzari.
  2028 | D:3      | Found a blossoming altar of Fedhas.
  2028 | D:3      | Found a basalt altar of Yredelemnul.
  2029 | D:3      | Found a stormy altar of Qazlal.
  2033 | D:3      | Found a shimmering altar of Xom.
  2247 | D:3      | Reached XP level 6. HP: 37/39 MP: 6/6
  3020 | D:4      | Reached *** piety under Trog
  3023 | D:4      | Reached skill level 5 in Fighting
  3029 | D:4      | Reached XP level 7. HP: 44/44 MP: 7/7
  3203 | D:4      | Found a staircase to the Ecumenical Temple.
  3580 | D:4      | Found an ornate altar of the Wu Jian Council.
  3956 | Temple   | Entered the Ecumenical Temple
  3974 | D:5      | Entered Level 5 of the Dungeon
  4015 | D:5      | Reached skill level 5 in Armour
  4054 | D:5      | Reached XP level 8. HP: 22/51 MP: 8/8
  4056 | D:5      | Noticed Blork the orc
  4061 | D:5      | Slain by an ogre

Skill      XL: |  1  2  3  4  5  6  7 |
---------------+----------------------+-----
Axes           | 3 4 |  4.8
Dodging        | 2 3 |  3.9
Armour         | 3 4 5 |  5.2
Fighting       | 4 5 |  5.8

Action                   |  1- 3 |  4- 6 |  7- 9 || total
-------------------------+-------+-------+-------++-------
Melee: Hand axe          |    68 |   206 |    12 ||   286
       War axe           |       |       |    89 ||    89
Invok: Berserk           |     1 |     3 |     2 ||     6
  Eat: Chunk             |       |     9 |     5 ||    14
Armor: Animal skin       |     5 |       |       ||     5
       Chain mail        |    26 |   132 |    73 ||   231
Dodge: Dodged            |    32 |    77 |    40 ||   149
